TOP OF THE 1ST |
Pocatello Boccabellas batting - Pitching for Springfield Stars : RHP Hyo-chin Ch'oe
|
Pitching: RHP Hyo-chin Ch'oe
|
|
Batting: RHB Tomás Carranza
|
0-0: Ball 1-0: Called Strike 1-1: Ground out 4-3 (Groundball, 4)
|
Batting: LHB Jim Jensen
|
0-0: Called Strike 0-1: Ground out U3 (Groundball, 34S)
|
Batting: RHB Ernesto Acosta
|
0-0: Swinging Strike 0-1: Ball 1-1: Ball 2-1: Fly out, F8 (Flyball, 8LXD)
|
Top of the 1st over - 0 run(s), 0 hit(s), 0 error(s), 0 left on base; Pocatello 0 - Springfield 0 |
BOTTOM OF THE 1ST |
Springfield Stars batting - Pitching for Pocatello Boccabellas : RHP Samuel Émond
|
Pitching: RHP Samuel Émond
|
|
Batting: RHB Calvin Bennett
|
0-0: Ball 1-0: Ball 2-0: Swinging Strike 2-1: Foul Ball, location: 2F 2-2: Ball 3-2: Ground out 6-3 (Groundball, 6)
|
Batting: RHB Norberto Taváres
|
0-0: Called Strike 0-1: Ball 1-1: Ball 2-1: Ground out 5-3 (Groundball, 56)
|
Batting: LHB Derek Davidson
|
0-0: Ball 1-0: Ball 2-0: Ball 3-0: Called Strike 3-1: Base on Balls
|
Batting: LHB Felipe Guerrero
|
0-0: Ball 1-0: Ball 2-0: Ball 3-0: Called Strike 3-1: Base on Balls Derek Davidson to second
|
Batting: SHB David García
|
0-0: Called Strike 0-1: Ground out 1-3 (Groundball, 13S)
|
Bottom of the 1st over - 0 run(s), 0 hit(s), 0 error(s), 2 left on base; Pocatello 0 - Springfield 0 |
TOP OF THE 2ND |
Pocatello Boccabellas batting - Pitching for Springfield Stars : RHP Hyo-chin Ch'oe
|
Batting: LHB Héctor Rentería
|
0-0: Ball 1-0: Ground out 6-3 (Groundball, 6)
|
Batting: SHB Nick Cox
|
0-0: Ball 1-0: Foul Ball, location: 2F 1-1: Ball 2-1: Foul Ball, location: 2F 2-2: Ball 3-2: SINGLE (Groundball, 56D)
|
Batting: RHB Francisco Sandoval
|
0-0: Ball 1-0: Called Strike 1-1: Foul Ball, location: 2F 1-2: Ball Throwing error on steal attempt, E2 Nick Cox to third 2-2: Fly out, F9 (Flyball, 89D) Runner from 3rd tags up, SCORES, no throw
|
Batting: LHB José Berroa
|
0-0: Called Strike 0-1: Called Strike 0-2: Foul Ball, location: 2F 0-2: Ball 1-2: Ball 2-2: Fly out, F8 (Flyball, 8LS)
|
Top of the 2nd over - 1 run(s), 1 hit(s), 1 error(s), 0 left on base; Pocatello 1 - Springfield 0 |
BOTTOM OF THE 2ND |
Springfield Stars batting - Pitching for Pocatello Boccabellas : RHP Samuel Émond
|
Batting: SHB Shane Hutchinson
|
0-0: Ball 1-0: Foul Ball, location: 2F 1-1: Fly out, F7 (Line Drive, 7)
|
Batting: RHB Félix Gonzáles
|
0-0: SINGLE (Line Drive, 8RS)
|
Batting: RHB Juan Carlos Rodríguez
|
0-0: Foul Ball, location: 2F 0-1: Foul Ball, location: 2F 0-2: Foul Ball, location: 2F 0-2: Foul Ball, location: 2F 0-2: Foul Ball, location: 2F 0-2: Ball 1-2: 2-RUN HOME RUN (Flyball, 7D), Distance : 393 ft
|
Batting: LHB Jesús Tobías
|
0-0: Ball 1-0: Called Strike 1-1: Ground out 3-1 (Groundball, 34)
|
Batting: RHB Calvin Bennett
|
0-0: Called Strike 0-1: Ball 1-1: Fly out, F9 (Flyball, 89M)
|
Bottom of the 2nd over - 2 run(s), 2 hit(s), 0 error(s), 0 left on base; Pocatello 1 - Springfield 2 |
TOP OF THE 3RD |
Pocatello Boccabellas batting - Pitching for Springfield Stars : RHP Hyo-chin Ch'oe
|
Batting: RHB José Delgado
|
0-0: Ball 1-0: SINGLE (Groundball, 6) (infield hit)
|
Batting: LHB Vicente Bueno
|
0-0: Called Strike 0-1: Foul Ball, location: 2F 0-2: Ball 1-2: Strikes out swinging
|
Batting: RHB Tomás Carranza
|
0-0: Called Strike 0-1: Fly out, F7 (Line Drive, 7)
|
Batting: LHB Jim Jensen
|
0-0: Called Strike 0-1: Ball 1-1: Ball 2-1: Ball 3-1: Fly out, F6 (Line Drive, 6)
|
Top of the 3rd over - 0 run(s), 1 hit(s), 0 error(s), 1 left on base; Pocatello 1 - Springfield 2 |
BOTTOM OF THE 3RD |
Springfield Stars batting - Pitching for Pocatello Boccabellas : RHP Samuel Émond
|
Batting: RHB Norberto Taváres
|
0-0: Ball 1-0: Called Strike 1-1: SINGLE (Groundball, 34S) (infield hit)
|
Batting: LHB Derek Davidson
|
0-0: Called Strike Norberto Taváres is caught stealing 2nd base 0-1: Ball 1-1: Ball 2-1: Ball 3-1: Ground out U3 (Groundball, 34)
|
Batting: LHB Felipe Guerrero
|
0-0: Called Strike 0-1: Ball 1-1: SINGLE (Flyball, 7S)
|
Batting: SHB David García
|
0-0: Called Strike 0-1: Ball 1-1: Ball Felipe Guerrero is caught stealing 2nd base
|
Bottom of the 3rd over - 0 run(s), 2 hit(s), 0 error(s), 0 left on base; Pocatello 1 - Springfield 2 |
TOP OF THE 4TH |
Pocatello Boccabellas batting - Pitching for Springfield Stars : RHP Hyo-chin Ch'oe
|
Batting: RHB Ernesto Acosta
|
0-0: Swinging Strike 0-1: Foul Ball, location: 2F 0-2: Ball 1-2: Foul Ball, location: 2F 1-2: Ball 2-2: Fly out, F8 (Flyball, 78D)
|
Batting: LHB Héctor Rentería
|
0-0: Called Strike 0-1: Ball 1-1: Ball 2-1: Fly out, F7 (Flyball, 7)
|
Batting: SHB Nick Cox
|
0-0: Ball 1-0: Called Strike 1-1: Swinging Strike 1-2: Ball 2-2: Strikes out swinging
|
Top of the 4th over - 0 run(s), 0 hit(s), 0 error(s), 0 left on base; Pocatello 1 - Springfield 2 |
BOTTOM OF THE 4TH |
Springfield Stars batting - Pitching for Pocatello Boccabellas : RHP Samuel Émond
|
Batting: SHB David García
|
0-0: Called Strike 0-1: Called Strike 0-2: Ball 1-2: Foul Ball, location: 2F 1-2: Foul Ball, location: 2F 1-2: Ground out 3-1 (Groundball, 34)
|
Batting: SHB Shane Hutchinson
|
0-0: Called Strike 0-1: Foul Ball, location: 2F 0-2: Strikes out looking
|
Batting: RHB Félix Gonzáles
|
0-0: Swinging Strike 0-1: Ball 1-1: Foul Ball, location: 2F 1-2: Foul Ball, location: 2F 1-2: Ground out 5-3 (Groundball, 25)
|
Bottom of the 4th over - 0 run(s), 0 hit(s), 0 error(s), 0 left on base; Pocatello 1 - Springfield 2 |
TOP OF THE 5TH |
Pocatello Boccabellas batting - Pitching for Springfield Stars : RHP Hyo-chin Ch'oe
|
Batting: RHB Francisco Sandoval
|
0-0: Ball 1-0: Ball 2-0: Ball 3-0: Called Strike 3-1: Base on Balls
|
Batting: LHB José Berroa
|
0-0: Ball 1-0: Foul Ball, location: 2F 1-1: Foul Ball, location: 2F 1-2: Fly out, F3 (Line Drive, 3)
|
Batting: RHB José Delgado
|
0-0: Called Strike 0-1: Called Strike 0-2: Fielders Choice at 2nd, 5-4 (Groundball, 5L)
|
Batting: LHB Vicente Bueno
|
0-0: Called Strike 0-1: Foul Ball, location: 2F 0-2: Ball 1-2: Ball 2-2: SINGLE (Groundball, 6) (infield hit) José Delgado to second
|
Batting: RHB Tomás Carranza
|
0-0: Foul Ball, location: 2F 0-1: Ball 1-1: Ball 2-1: Fly out, F8 (Flyball, 8LM)
|
Top of the 5th over - 0 run(s), 1 hit(s), 0 error(s), 2 left on base; Pocatello 1 - Springfield 2 |
BOTTOM OF THE 5TH |
Springfield Stars batting - Pitching for Pocatello Boccabellas : RHP Samuel Émond
|
Batting: RHB Juan Carlos Rodríguez
|
0-0: Foul Ball, location: 2F 0-1: Ball 1-1: Foul Ball, location: 2F 1-2: Ground out 5-3 (Groundball, 56)
|
Batting: LHB Jesús Tobías
|
0-0: Called Strike 0-1: Called Strike 0-2: Strikes out looking
|
Batting: RHB Calvin Bennett
|
0-0: Ball 1-0: Ball 2-0: Ball 3-0: Called Strike 3-1: Ground out 6-3 (Groundball, 6)
|
Bottom of the 5th over - 0 run(s), 0 hit(s), 0 error(s), 0 left on base; Pocatello 1 - Springfield 2 |
TOP OF THE 6TH |
Pocatello Boccabellas batting - Pitching for Springfield Stars : RHP Hyo-chin Ch'oe
|
Batting: LHB Jim Jensen
|
0-0: SINGLE (Groundball, 15S) (infield hit)
|
Batting: RHB Ernesto Acosta
|
0-0: Foul Ball, location: 2F 0-1: Ball 1-1: Ball Wild Pitch! Jim Jensen to second 2-1: Swinging Strike 2-2: Ball 3-2: Strikes out swinging
|
Batting: LHB Héctor Rentería
|
0-0: Ball 1-0: Ball 2-0: Ball 3-0: Fly out, F9 (Flyball, 9LM)
|
Batting: SHB Nick Cox
|
0-0: Ball 1-0: Called Strike 1-1: Foul Ball, location: 2F 1-2: Ground out U3 (Groundball, 3L)
|
Top of the 6th over - 0 run(s), 1 hit(s), 0 error(s), 1 left on base; Pocatello 1 - Springfield 2 |
BOTTOM OF THE 6TH |
Springfield Stars batting - Pitching for Pocatello Boccabellas : RHP Samuel Émond
|
Batting: RHB Norberto Taváres
|
0-0: Foul Ball, location: 2F 0-1: Foul Ball, location: 2F 0-2: Ball 1-2: Foul Ball, location: 2F 1-2: Ball 2-2: Foul Ball, location: 2F 2-2: Ball 3-2: Fly out, F9 (Flyball, 9S)
|
Batting: LHB Derek Davidson
|
0-0: Foul Ball, location: 2F 0-1: Called Strike 0-2: Strikes out swinging
|
Batting: LHB Felipe Guerrero
|
0-0: Ball 1-0: Ground out 1-3 (Groundball, 13)
|
Bottom of the 6th over - 0 run(s), 0 hit(s), 0 error(s), 0 left on base; Pocatello 1 - Springfield 2 |
TOP OF THE 7TH |
Pocatello Boccabellas batting - Pitching for Springfield Stars : RHP Hyo-chin Ch'oe
|
Pitching: RHP Jorge Delgado
|
|
Batting: RHB Francisco Sandoval
|
0-0: Ball 1-0: Ball 2-0: Ball 3-0: Base on Balls
|
Pitching: LHP Shan Liu
|
|
Batting: LHB José Berroa
|
0-0: Ball 1-0: Bunted foul 1-1: Sac Bunt - play at first, batter OUT! 1-4 Francisco Sandoval to second
|
Pinch Hitting: RHB Manny Copriviza
|
0-0: Foul Ball, location: 2F 0-1: Ball 1-1: Ground out 4-3 (Groundball, 4) Francisco Sandoval to third
|
Pitching: RHP Luis Cortéz
|
|
Batting: LHB Vicente Bueno
|
0-0: Ball 1-0: Foul Ball, location: 2F 1-1: Fly out, F6 (Line Drive, 6MD)
|
Top of the 7th over - 0 run(s), 0 hit(s), 0 error(s), 1 left on base; Pocatello 1 - Springfield 2 |
BOTTOM OF THE 7TH |
Springfield Stars batting - Pitching for Pocatello Boccabellas : RHP Samuel Émond
|
Pitching: LHP Mark Murchison
|
|
Now at 2B: John Craig
|
|
Batting: SHB David García
|
0-0: SOLO HOME RUN (Flyball, 7D), Distance : 388 ft
|
Batting: SHB Shane Hutchinson
|
0-0: Called Strike 0-1: Called Strike 0-2: Strikes out swinging
|
Batting: RHB Félix Gonzáles
|
0-0: Called Strike 0-1: Ball 1-1: Ball 2-1: Ball 3-1: Fly out, F8 (Flyball, 8LM)
|
Batting: RHB Juan Carlos Rodríguez
|
0-0: Called Strike 0-1: Ball 1-1: Ground out 6-3 (Groundball, 6)
|
Bottom of the 7th over - 1 run(s), 1 hit(s), 0 error(s), 0 left on base; Pocatello 1 - Springfield 3 |
TOP OF THE 8TH |
Pocatello Boccabellas batting - Pitching for Springfield Stars : RHP Luis Cortéz
|
Batting: RHB Tomás Carranza
|
0-0: Ball 1-0: Called Strike 1-1: Called Strike 1-2: Ground out 4-3 (Groundball, 4)
|
Batting: LHB Jim Jensen
|
0-0: Ball 1-0: Called Strike 1-1: Foul Ball, location: 2F 1-2: Ball 2-2: Fly out, F7 (Flyball, 7)
|
Batting: RHB Ernesto Acosta
|
0-0: Ball 1-0: Fly out, F6 (Popup, 6)
|
Top of the 8th over - 0 run(s), 0 hit(s), 0 error(s), 0 left on base; Pocatello 1 - Springfield 3 |
BOTTOM OF THE 8TH |
Springfield Stars batting - Pitching for Pocatello Boccabellas : LHP Mark Murchison
|
Batting: LHB Jesús Tobías
|
0-0: Ball 1-0: Foul Ball, location: 2F 1-1: Ball 2-1: Fly out, F7 (Flyball, 7)
|
Batting: RHB Calvin Bennett
|
0-0: Ball 1-0: Foul Ball, location: 2F 1-1: Foul Ball, location: 2F 1-2: Ball 2-2: Foul Ball, location: 2F 2-2: Ball 3-2: SINGLE (Groundball, 34D)
|
Batting: RHB Norberto Taváres
|
0-0: Ball 1-0: Called Strike 1-1: Swinging Strike 1-2: Foul Ball, location: 2F 1-2: Ball 2-2: Ball 3-2: Grounds into double play, 6-4-3 (Groundball, 6)
|
Bottom of the 8th over - 0 run(s), 1 hit(s), 0 error(s), 0 left on base; Pocatello 1 - Springfield 3 |
TOP OF THE 9TH |
Pocatello Boccabellas batting - Pitching for Springfield Stars : RHP Luis Cortéz
|
Pitching: RHP José Valdéz
|
|
Batting: LHB Héctor Rentería
|
0-0: Ground out 6-3 (Groundball, 6)
|
Batting: SHB Nick Cox
|
0-0: Ball 1-0: Called Strike 1-1: Ball 2-1: Foul Ball, location: 2F 2-2: Ball 3-2: Strikes out looking
|
Batting: RHB Francisco Sandoval
|
0-0: Called Strike 0-1: Ball 1-1: Foul Ball, location: 2F 1-2: Foul Ball, location: 2F 1-2: Ground out U3 (Groundball, 3S)
|
Top of the 9th over - 0 run(s), 0 hit(s), 0 error(s), 0 left on base; Pocatello 1 - Springfield 3 |
|